AoeStats
← Jedasun

Pilgrims

509617143Analyzed
3v3 RM · 6d ago on Sep 27, 2026· 41m 0s· 6 players
Game mode
Random Map
Map size
Normal (6 player)
Population
200
Speed
Normal
Resources
Standard
Victory
Conquest
Starting age
Dark Age
Ending age
Imperial Age
RankedLock teamsTeams togetherTeam positionsShared explorationLock speedFull tech treeHidden civsTurbo modeCheats
Victory
Defeat
🇨🇳 Varangians · China
906
+14
🇨🇳 Mongols · China
884
+15
🇫🇷 Spanish · France
818
+18
🇫🇷 Malians · France
906
-17
🇨🇿 Bohemians · Czechia
867
-16
🇫🇷 Celts · France
814
-14
julusss51
6:28 Loom
17:15 Feudal Age
24:21 Castle Age
30:29 Murder Holes
38:58 Man-at-Arms
sheeemaCZ
5:53 Loom
14:05 Feudal Age
17:38 Padded Archer Armor
17:29 Fletching
22:24 Castle Age
26:28 Bodkin Arrow
31:25 Leather Archer Armor
32:43 Wheelbarrow
35:59 Hand Cart
36:09 Pikeman
The Rock 49
4:36 Loom
12:56 Feudal Age
15:55 Arson
20:04 Castle Age
20:02 Forging
22:50 Iron Casting
22:16 Fishing Lines
23:47 Gambesons
30:08 Fletching
35:43 Bodkin Arrow
37:35 Padded Archer Armor
38:39 Stronghold
39:08 Horse Collar
42:17 Imperial Age
Jedasun
14:46 Feudal Age
16:01 Wheelbarrow
15:12 Double-Bit Axe
15:11 Fishing Lines
21:14 Castle Age
20:01 Stone Mining
20:55 Gold Mining
23:05 Gillnets
27:13 Ballistics
27:06 Masonry
26:52 Murder Holes
33:22 Hand Cart
33:28 Medium Warships
kilfal
6:50 Loom
10:33 Feudal Age
11:07 Double-Bit Axe
14:39 Bloodlines
18:43 Horse Collar
21:57 Castle Age
20:47 Stone Mining
20:45 Fishing Lines
21:37 Gold Mining
23:05 Bow Saw
24:26 Wheelbarrow
24:41 Fletching
24:47 Gillnets
26:30 Hand Cart
30:51 Stone Shaft Mining
32:43 Gold Shaft Mining
36:20 Heavy Plow
38:03 Hand Cart
41:07 Imperial Age
38:18 Light Cavalry
40:16 Thumb Ring
大表哥
8:24 Loom
11:25 Feudal Age
11:34 Man-at-Arms
12:00 Arson
27:58 Castle Age
28:40 Wheelbarrow
29:01 Double-Bit Axe
32:39 Imperial Age
31:00 Squires
30:21 Pikeman
32:00 Bow Saw
32:19 Vendel Legacy
33:11 Fishing Lines
36:16 Town Watch
36:59 Forging
37:56 Ballistics
38:09 Hand Cart
38:26 Scale Mail Armor
40:45 Conscription
40:50 Bloodlines
40:40 Husbandry
41:54 Iron Casting
41:10 Fletching
Connection lost

Rejoining the realm…

Still unreachable

The connection could not be restored.

Session expired

The server has moved on; the page needs a fresh start.